TOP OF THE 1ST |
Vancouver Vipers batting - Pitching for Santa Monica Bruins : RHP Mario Chávez
|
Pitching: RHP Mario Chávez
|
|
Batting: RHB Lorenzo González
|
0-0: Ball 1-0: Ground out 5-3 (Groundball, 56)
|
Batting: LHB Malcolm Thomas
|
0-0: Swinging Strike 0-1: Called Strike 0-2: Strikes out swinging
|
Batting: LHB Larry Howard
|
0-0: Ball 1-0: SINGLE (Groundball, 34)
|
Batting: SHB Richard Bowman
|
0-0: Ball 1-0: Foul Ball, location: 2F 1-1: SINGLE (Groundball, 56) Larry Howard to second
|
Batting: RHB Daniel Robert
|
0-0: Called Strike 0-1: Ball 1-1: 3-RUN HOME RUN (Flyball, 7LD), Distance : 447 ft
|
Batting: LHB Dave Gray
|
0-0: Ball 1-0: Ball 2-0: Ground out 4-3 (Groundball, 4M)
|
Top of the 1st over - 3 run(s), 3 hit(s), 0 error(s), 0 left on base; Vancouver 3 - Santa Monica 0 |
BOTTOM OF THE 1ST |
Santa Monica Bruins batting - Pitching for Vancouver Vipers : RHP Kazuo Mochizuki
|
Pitching: RHP Kazuo Mochizuki
|
|
Batting: RHB Alfredo López
|
0-0: Ball 1-0: SINGLE (Groundball, 4M)
|
Batting: LHB Patrick Osborne
|
0-0: Ball 1-0: Called Strike 1-1: Ball 2-1: Foul Ball, location: 2F 2-2: Ball 3-2: Fly out, F5 (Popup, 5)
|
Batting: LHB Ray Bryant
|
0-0: Fielders Choice at 2nd, 3-6 (Groundball, 3)
|
Batting: RHB Luis Martínez
|
0-0: Ball 1-0: Called Strike 1-1: Ball 2-1: DOUBLE (Line Drive, 7LS) Ray Bryant to third Runner from 3rd tries for Home, SAFE, no throw or cutoff
|
Batting: RHB Griswold Coleman
|
0-0: Ball 1-0: 2-RUN HOME RUN (Line Drive, 7D), Distance : 358 ft
|
Batting: RHB Pablo Peńa
|
0-0: Ball 1-0: Ball 2-0: Ball 3-0: SINGLE (Line Drive, 56)
|
Batting: LHB Jeffrey Satterley
|
0-0: Fly out, F1 (Line Drive, 13)
|
Bottom of the 1st over - 3 run(s), 4 hit(s), 0 error(s), 1 left on base; Vancouver 3 - Santa Monica 3 |
TOP OF THE 2ND |
Vancouver Vipers batting - Pitching for Santa Monica Bruins : RHP Mario Chávez
|
Batting: RHB Alfredo Hernández
|
0-0: Ball 1-0: Ball 2-0: Called Strike 2-1: Fly out, F6 (Line Drive, 6)
|
Batting: RHB Bill Little
|
0-0: Called Strike 0-1: SINGLE (Groundball, 56)
|
Batting: RHB Oscar Rudd
|
0-0: Called Strike 0-1: Ball 1-1: Fielders Choice at 2nd, 6-4 (Groundball, 6)
|
Batting: RHB Lorenzo González
|
0-0: Ball 1-0: Ball 2-0: Ball Pickoff Throw to First - Out!
|
Top of the 2nd over - 0 run(s), 1 hit(s), 0 error(s), 0 left on base; Vancouver 3 - Santa Monica 3 |
BOTTOM OF THE 2ND |
Santa Monica Bruins batting - Pitching for Vancouver Vipers : RHP Kazuo Mochizuki
|
Batting: RHB Justin Burgess
|
0-0: Called Strike 0-1: Swinging Strike 0-2: Strikes out swinging
|
Batting: RHB Brandon Callahan
|
0-0: Ball 1-0: Ball 2-0: Foul Ball, location: 2F 2-1: Fly out, F7 (Flyball, 8LM)
|
Batting: RHB Alfredo López
|
0-0: Ball 1-0: Ground out 4-3 (Groundball, 34)
|
Bottom of the 2nd over - 0 run(s), 0 hit(s), 0 error(s), 0 left on base; Vancouver 3 - Santa Monica 3 |
TOP OF THE 3RD |
Vancouver Vipers batting - Pitching for Santa Monica Bruins : RHP Mario Chávez
|
Batting: RHB Lorenzo González
|
0-0: Ball 1-0: Ball 2-0: Ball 3-0: Base on Balls
|
Batting: LHB Malcolm Thomas
|
0-0: Ball 1-0: Called Strike 1-1: Ball 2-1: Ball 3-1: Foul Ball, location: 2F 3-2: SINGLE (Line Drive, 4M) Lorenzo González to second
|
Batting: LHB Larry Howard
|
0-0: Foul Ball, location: 2F 0-1: Foul Ball, location: 2F 0-2: Reached on error, E6 (Groundball, 6M) Lorenzo González to third Malcolm Thomas to second
|
Batting: SHB Richard Bowman
|
0-0: Ball 1-0: Ball 2-0: Called Strike 2-1: Ball 3-1: Fly out, F6 (Line Drive, 6D)
|
Batting: RHB Daniel Robert
|
0-0: Ball 1-0: SINGLE (Line Drive, 78S) Lorenzo González scores Malcolm Thomas to third Larry Howard to second
|
Batting: LHB Dave Gray
|
0-0: Called Strike 0-1: Ball 1-1: Ball 2-1: Ball 3-1: Fly out, F4 (Popup, 6MD)
|
Batting: RHB Alfredo Hernández
|
0-0: Ball 1-0: Ball 2-0: Foul Ball, location: 2F 2-1: Ball 3-1: Ground out 6-3 (Groundball, 6)
|
Top of the 3rd over - 1 run(s), 2 hit(s), 1 error(s), 3 left on base; Vancouver 4 - Santa Monica 3 |
BOTTOM OF THE 3RD |
Santa Monica Bruins batting - Pitching for Vancouver Vipers : RHP Kazuo Mochizuki
|
Batting: LHB Patrick Osborne
|
0-0: Ball 1-0: Called Strike 1-1: Fly out, F8 (Flyball, 8RXD)
|
Batting: LHB Ray Bryant
|
0-0: Ball 1-0: Called Strike 1-1: Ball 2-1: Foul Ball, location: 2F 2-2: Strikes out swinging
|
Batting: RHB Luis Martínez
|
0-0: SINGLE (Line Drive, 56)
|
Batting: RHB Griswold Coleman
|
0-0: Ball 1-0: Ball 2-0: Ball 3-0: Base on Balls Luis Martínez to second
|
Batting: RHB Pablo Peńa
|
0-0: Called Strike 0-1: Foul Ball, location: 2F 0-2: Ball 1-2: Ball 2-2: Foul Ball, location: 2F 2-2: Ball 3-2: Foul Ball, location: 2F 3-2: Fly out, F6 (Line Drive, 6)
|
Bottom of the 3rd over - 0 run(s), 1 hit(s), 0 error(s), 2 left on base; Vancouver 4 - Santa Monica 3 |
TOP OF THE 4TH |
Vancouver Vipers batting - Pitching for Santa Monica Bruins : RHP Mario Chávez
|
Batting: RHB Bill Little
|
0-0: SINGLE (Groundball, 4MD)
|
Batting: RHB Oscar Rudd
|
0-0: Foul Ball, location: 2F 0-1: Ball 1-1: Foul Ball, location: 2F 1-2: Strikes out swinging
|
Batting: RHB Lorenzo González
|
0-0: Called Strike 0-1: Ball 1-1: 2-RUN HOME RUN (Flyball, 78XD), Distance : 407 ft
|
Pitching: RHP Derrick Baird
|
|
Batting: LHB Malcolm Thomas
|
0-0: Ground out 6-3 (Groundball, 6)
|
Batting: LHB Larry Howard
|
0-0: Called Strike 0-1: Ball 1-1: Ball 2-1: Ground out U3 (Groundball, 3)
|
Top of the 4th over - 2 run(s), 2 hit(s), 0 error(s), 0 left on base; Vancouver 6 - Santa Monica 3 |
BOTTOM OF THE 4TH |
Santa Monica Bruins batting - Pitching for Vancouver Vipers : RHP Kazuo Mochizuki
|
Batting: LHB Jeffrey Satterley
|
0-0: Ball 1-0: Ball 2-0: Called Strike 2-1: Foul Ball, location: 2F 2-2: Foul Ball, location: 2F 2-2: Foul Ball, location: 2F 2-2: Ball 3-2: Foul Ball, location: 2F 3-2: Strikes out swinging
|
Batting: RHB Justin Burgess
|
0-0: Called Strike 0-1: Ball 1-1: Swinging Strike 1-2: Ball 2-2: Ball 3-2: Strikes out looking
|
Batting: RHB Brandon Callahan
|
0-0: Called Strike 0-1: Ball 1-1: Called Strike 1-2: Foul Ball, location: 2F 1-2: Strikes out looking
|
Bottom of the 4th over - 0 run(s), 0 hit(s), 0 error(s), 0 left on base; Vancouver 6 - Santa Monica 3 |
TOP OF THE 5TH |
Vancouver Vipers batting - Pitching for Santa Monica Bruins : RHP Derrick Baird
|
Batting: SHB Richard Bowman
|
0-0: Foul Ball, location: 2F 0-1: Foul Ball, location: 2F 0-2: Ground out 2-3 (Groundball, 2R)
|
Now at C: Bonifacio Torres
|
|
Batting: RHB Daniel Robert
|
0-0: Called Strike 0-1: Ball 1-1: SOLO HOME RUN (Flyball, 7LD), Distance : 444 ft
|
Batting: LHB Dave Gray
|
0-0: Ball 1-0: Ball 2-0: Called Strike 2-1: Ball 3-1: Swinging Strike 3-2: Foul Ball, location: 2F 3-2: Fly out, F1 (Line Drive, 13)
|
Batting: RHB Alfredo Hernández
|
0-0: Swinging Strike 0-1: Ball 1-1: Foul Ball, location: 2F 1-2: Fly out, F9 (Flyball, 89D)
|
Top of the 5th over - 1 run(s), 1 hit(s), 0 error(s), 0 left on base; Vancouver 7 - Santa Monica 3 |
BOTTOM OF THE 5TH |
Santa Monica Bruins batting - Pitching for Vancouver Vipers : RHP Kazuo Mochizuki
|
Batting: RHB Alfredo López
|
0-0: Ball 1-0: Foul Ball, location: 2F 1-1: Ground out 6-3 (Groundball, 6M)
|
Batting: LHB Patrick Osborne
|
0-0: Called Strike 0-1: Ball 1-1: Ball 2-1: Fly out, F6 (Popup, 6MS)
|
Batting: LHB Ray Bryant
|
0-0: Called Strike 0-1: Called Strike 0-2: Strikes out swinging
|
Bottom of the 5th over - 0 run(s), 0 hit(s), 0 error(s), 0 left on base; Vancouver 7 - Santa Monica 3 |
TOP OF THE 6TH |
Vancouver Vipers batting - Pitching for Santa Monica Bruins : RHP Derrick Baird
|
Batting: RHB Bill Little
|
0-0: Foul Ball, location: 2F 0-1: Swinging Strike 0-2: Strikes out swinging
|
Batting: RHB Oscar Rudd
|
0-0: Called Strike 0-1: Fly out, F8 (Line Drive, 8LM)
|
Batting: RHB Lorenzo González
|
0-0: Ball 1-0: SINGLE (Groundball, 6D)
|
Batting: LHB Malcolm Thomas
|
0-0: Foul Ball, location: 2F 0-1: Ball 1-1: Ball 2-1: Foul Ball, location: 2F 2-2: SINGLE (Line Drive, 89S) Lorenzo González to second
|
Batting: LHB Larry Howard
|
0-0: Ground out 1-3 (Groundball, 13S)
|
Top of the 6th over - 0 run(s), 2 hit(s), 0 error(s), 2 left on base; Vancouver 7 - Santa Monica 3 |
BOTTOM OF THE 6TH |
Santa Monica Bruins batting - Pitching for Vancouver Vipers : RHP Kazuo Mochizuki
|
Batting: RHB Luis Martínez
|
0-0: Foul Ball, location: 2F 0-1: Ground out 6-3 (Groundball, 6M)
|
Batting: RHB Griswold Coleman
|
0-0: Ball 1-0: Ball 2-0: Foul Ball, location: 2F 2-1: Swinging Strike 2-2: Ball 3-2: Foul Ball, location: 2F 3-2: Foul Ball, location: 2F 3-2: Base on Balls
|
Batting: RHB Bonifacio Torres
|
0-0: Called Strike 0-1: Called Strike 0-2: Ball 1-2: Ground out 4-3 (Groundball, 13) Griswold Coleman to second
|
Batting: LHB Jeffrey Satterley
|
0-0: Ball 1-0: Swinging Strike 1-1: Ball 2-1: Ground out 4-3 (Groundball, 4)
|
Bottom of the 6th over - 0 run(s), 0 hit(s), 0 error(s), 1 left on base; Vancouver 7 - Santa Monica 3 |
TOP OF THE 7TH |
Vancouver Vipers batting - Pitching for Santa Monica Bruins : RHP Derrick Baird
|
Pitching: RHP Warren Johnson
|
|
Batting: SHB Richard Bowman
|
0-0: Called Strike 0-1: Fly out, F9 (Line Drive, 89S)
|
Batting: RHB Daniel Robert
|
0-0: Swinging Strike 0-1: Ball 1-1: Called Strike 1-2: SINGLE (Groundball, 6MD)
|
Batting: LHB Dave Gray
|
0-0: Fly out, F8 (Flyball, 8LS)
|
Batting: RHB Alfredo Hernández
|
0-0: Ball 1-0: Fly out, F9 (Flyball, 89S)
|
Top of the 7th over - 0 run(s), 1 hit(s), 0 error(s), 1 left on base; Vancouver 7 - Santa Monica 3 |
BOTTOM OF THE 7TH |
Santa Monica Bruins batting - Pitching for Vancouver Vipers : RHP Kazuo Mochizuki
|
Pitching: LHP Ron Cummins
|
|
Batting: RHB Justin Burgess
|
0-0: Foul Ball, location: 2F 0-1: Ball 1-1: Swinging Strike 1-2: Foul Ball, location: 2F 1-2: Foul Ball, location: 2F 1-2: Ball 2-2: Foul Ball, location: 2F 2-2: Strikes out looking
|
Batting: RHB Brandon Callahan
|
0-0: Swinging Strike 0-1: Called Strike 0-2: Ball 1-2: SOLO HOME RUN (Flyball, 7LD), Distance : 341 ft
|
Batting: RHB Alfredo López
|
0-0: Called Strike 0-1: Ball 1-1: Ball 2-1: Foul Ball, location: 2F 2-2: Ball 3-2: Base on Balls
|
Batting: LHB Patrick Osborne
|
0-0: Ball 1-0: Ball 2-0: Ball 3-0: Base on Balls Alfredo López to second
|
Batting: LHB Ray Bryant
|
0-0: Called Strike 0-1: Foul Ball, location: 2F 0-2: Ball 1-2: Strikes out looking
|
Pitching: RHP Augusto Herrera
|
|
Batting: RHB Luis Martínez
|
0-0: 3-RUN HOME RUN (Flyball, 7D), Distance : 363 ft
|
Pinch Hitting: LHB Brent Alonzo
|
0-0: Fly out, F3 (Line Drive, 3)
|
Bottom of the 7th over - 4 run(s), 2 hit(s), 0 error(s), 0 left on base; Vancouver 7 - Santa Monica 7 |
TOP OF THE 8TH |
Vancouver Vipers batting - Pitching for Santa Monica Bruins : RHP Warren Johnson
|
Now at 2B: Brent Alonzo
|
|
Batting: RHB Bill Little
|
0-0: Swinging Strike 0-1: Fly out, F7 (Line Drive, 7M)
|
Pinch Hitting: LHB Tanyu Imai
|
0-0: Ball 1-0: Called Strike 1-1: Ball 2-1: Ground out U3 (Groundball, 3)
|
Pinch Hitting: LHB Mike Williams
|
0-0: Ball 1-0: Ball 2-0: Called Strike 2-1: Ground out 6-3 (Groundball, 6)
|
Top of the 8th over - 0 run(s), 0 hit(s), 0 error(s), 0 left on base; Vancouver 7 - Santa Monica 7 |
BOTTOM OF THE 8TH |
Santa Monica Bruins batting - Pitching for Vancouver Vipers : RHP Augusto Herrera
|
Pitching: RHP Vincent Cox
|
|
Now at 3B: Luis Sáenz
|
|
Now in CF: Mike Williams
|
|
Batting: RHB Bonifacio Torres
|
0-0: SINGLE (Line Drive, 56D)
|
Batting: LHB Jeffrey Satterley
|
0-0: Sac Bunt - play at second, runner OUT! 3-6
|
Pinch Hitting: LHB Jesús González
|
0-0: Fly out, F8 (Flyball, 8RXD) Runner from 1st tags up, OUT at 2nd
|
Bottom of the 8th over - 0 run(s), 1 hit(s), 0 error(s), 0 left on base; Vancouver 7 - Santa Monica 7 |
TOP OF THE 9TH |
Vancouver Vipers batting - Pitching for Santa Monica Bruins : RHP Warren Johnson
|
Pitching: LHP Xavier Velázquez
|
|
Now at SS: Mark Hosley
|
|
Pinch Hitting: RHB Sergio Pujols
|
0-0: Called Strike 0-1: Ball 1-1: Ball 2-1: Ball 3-1: Base on Balls
|
Pinch Hitting: SHB Henry Copeland
|
0-0: Ball 1-0: Ball 2-0: 2-RUN HOME RUN (Flyball, 7D), Distance : 368 ft
|
Batting: SHB Richard Bowman
|
0-0: Ball 1-0: Ball 2-0: Swinging Strike 2-1: SINGLE (Groundball, 56D)
|
Batting: RHB Daniel Robert
|
0-0: Ball 1-0: Called Strike 1-1: Ball 2-1: Ball 3-1: Base on Balls Richard Bowman to second
|
Batting: LHB Dave Gray
|
0-0: Called Strike 0-1: Ball 1-1: Sac Bunt - play at first, batter OUT! 1-3 Richard Bowman to third Daniel Robert to second
|
Batting: RHB Alfredo Hernández
|
0-0: Intentional Walk
|
Batting: RHB Bill Little
|
0-0: SINGLE (Line Drive, 78S) Richard Bowman scores Daniel Robert to third Alfredo Hernández to second Runner from 3rd tries for Home, SAFE, throw made home
|
Pitching: RHP Bill Elliott
|
|
Batting: RHB Luis Sáenz
|
0-0: Foul Ball, location: 2F 0-1: Ball 1-1: Foul Ball, location: 2F 1-2: Ball 2-2: Strikes out swinging
|
Batting: LHB Mike Williams
|
0-0: Ball 1-0: Ball 2-0: Called Strike 2-1: Foul Ball, location: 2F 2-2: Strikes out looking
|
Top of the 9th over - 4 run(s), 3 hit(s), 0 error(s), 2 left on base; Vancouver 11 - Santa Monica 7 |
BOTTOM OF THE 9TH |
Santa Monica Bruins batting - Pitching for Vancouver Vipers : RHP Vincent Cox
|
Now at 1B: Henry Copeland
|
|
Now in RF: Axel Guimont
|
|
Batting: RHB Brandon Callahan
|
0-0: Ball 1-0: SINGLE (Groundball, 56D)
|
Batting: RHB Alfredo López
|
0-0: Called Strike 0-1: Ball 1-1: Ball 2-1: Fly out, F9 (Flyball, 89M)
|
Batting: LHB Patrick Osborne
|
0-0: Foul Ball, location: 2F 0-1: DOUBLE (Popup, 5D) Brandon Callahan to third
|
Pitching: RHP Jesse Jones
|
|
Batting: LHB Ray Bryant
|
0-0: Called Strike 0-1: Foul Ball, location: 2F 0-2: Strikes out looking
|
Batting: RHB Luis Martínez
|
0-0: Hit by Pitch
|
Batting: LHB Brent Alonzo
|
0-0: Ball 1-0: Fly out, F8 (Flyball, 8LM)
|
Bottom of the 9th over - 0 run(s), 2 hit(s), 0 error(s), 3 left on base; Vancouver 11 - Santa Monica 7 |
|